[Event "Team 45 45 League T60"]
[Site "Internet Chess Club"]
[Date "2014.04.06"]
[Round "6"]
[White "edwspin"]
[Black "mongmong"]
[Result "1-0"]
[WhiteElo "1611"]
[BlackElo "1611"]
[Opening "French: exchange variation"]
[ECO "C01"]
[Time "18:02:58"]
[TimeControl "2700+45"]

1. e4 e6 2. d4 d5 3. exd5 exd5 4. Nf3 Bg4 5. Be2 Bd6 6. Ne5 Bxe2 7. Qxe2 Qe7 8.
O-O Nc6 9. Qb5 Bxe5 10. dxe5 O-O-O 11. f4 f6 12. a4 fxe5 13. fxe5 Qxe5 14. Bf4
Qd4+ 15. Kh1 a6 16. Qe2 Nf6 17. Qe6+ Kb8 18. Qf7 Rd7 19. Qe6 Re8 20. Qh3 Qxb2
21. Nc3 Qxc2 22. Nb5 axb5 23. axb5 Ne5 24. Qa3 c5 25. b6 {Black resigns} 1-0

[Event "Team 45 45 League T60"]
[Site "Internet Chess Club"]
[Date "2014.04.06"]
[Round "6"]
[White "oldsj"]
[Black "isolani"]
[Result "1/2-1/2"]
[WhiteElo "1647"]
[BlackElo "1635"]
[Opening "Sicilian: Richter-Rauzer"]
[ECO "B60"]
[Time "15:00:31"]
[TimeControl "2700+45"]

1. e4 c5 2. Nf3 Nc6 3. d4 cxd4 4. Nxd4 Nf6 5. Nc3 d6 6. Bg5 Qa5 7. Bxf6 exf6 8.
f4 Bd7 9. Nb5 O-O-O 10. a3 Kb8 11. Qd2 Nb4 12. Nd4 Nc6 13. O-O-O Nxd4 14. Qxd4
Qc5 15. Nd5 Qxd4 16. Rxd4 Bc6 17. Bc4 Bxd5 18. Bxd5 Be7 19. Bxf7 g6 20. Be6 Rhf8
21. f5 d5 22. Rxd5 Rxd5 23. exd5 Bd6 24. g3 gxf5 25. Bxf5 Rf7 26. Re1 Be5 27. c4
b6 28. Kc2 Kc7 29. b4 Kd6 30. Rd1 h5 31. Rd2 a5 32. Kb3 axb4 33. axb4 Ra7 34.
Be6 Ra1 35. Rc2 Bd4 36. h3 Rg1 37. g4 Rg3+ 38. Ka4 Rxh3 39. gxh5 Rxh5 40. Kb5
Rh1 41. c5+ bxc5 42. bxc5+ Bxc5 43. Ra2 Rb1+ 44. Kc4 Rb4+ 45. Kc3 Rb6 46. Rg2
Rb8 47. Rg7 Ke5 {Game drawn by mutual agreement} 1/2-1/2

[Event "Team 45 45 League T60"]
[Site "Internet Chess Club"]
[Date "2014.04.08"]
[Round "6"]
[White "Egmont"]
[Black "chessfreak2001"]
[Result "1-0"]
[WhiteElo "1806"]
[BlackElo "1566"]
[Opening "Queen's pawn: London system"]
[ECO "A45"]
[Time "12:31:43"]
[TimeControl "2700+45"]

1. d4 Nf6 2. Bf4 g6 3. e3 Bg7 4. Nf3 O-O 5. h3 c5 6. c3 cxd4 7. cxd4 Qa5+ 8. Qd2
Qxd2+ 9. Nbxd2 b6 10. Bc4 Bb7 11. O-O Nc6 12. a3 Na5 13. Ba2 Rac8 14. Rac1 d6
15. b4 Nc6 16. Rc2 Rc7 17. Rfc1 Rfc8 18. b5 Nxd4 19. Nxd4 Rxc2 20. Rxc2 e5 21.
Rxc8+ Bxc8 22. Nc6 exf4 23. Ne7+ Kf8 24. Nxc8 fxe3 25. fxe3 Ke8 26. Nxd6+ Kd7
27. Nxf7 Bf8 28. a4 Bc5 29. Kf2 Kc7 30. Kf3 Bb4 31. Ne4 Nxe4 32. Kxe4 Kd7 33.
Ne5+ Ke7 34. Nc6+ {Black resigns} 1-0

[Event "Team 45 45 League T60"]
[Site "Internet Chess Club"]
[Date "2014.04.06"]
[Round "6"]
[White "chessnow"]
[Black "AVEMARIA"]
[Result "1-0"]
[WhiteElo "1488"]
[BlackElo "1630"]
[Opening "Caro-Kann: advance variation"]
[ECO "B12"]
[Time "18:03:24"]
[TimeControl "2700+45"]

1. e4 c6 2. d4 d5 3. e5 Bf5 4. Nf3 e6 5. Be2 Ne7 6. O-O Nd7 7. Nh4 c5 8. c3 Bg6
9. Be3 Nf5 10. Nxf5 Bxf5 11. Nd2 cxd4 12. cxd4 Be7 13. Nb3 O-O 14. Rc1 Rc8 15.
Bg4 Rxc1 16. Bxc1 Bg6 17. Bd2 b6 18. Qe2 Qb8 19. Qb5 Qb7 20. Rc1 Rc8 21. Rxc8+
Qxc8 22. Bc3 a6 23. Qe2 Bb1 24. a4 Bg5 25. Nd2 Bxd2 26. Qxd2 Qc4 27. a5 bxa5 28.
Bxa5 h6 29. Be2 Qc6 30. Qc3 Nb8 31. Qxc6 Nxc6 32. Bc3 a5 33. Kf1 Ba2 34. Ke1 Bb3
35. Kd2 a4 36. Bd1 Bxd1 37. Kxd1 Ne7 38. Kc2 Nf5 39. g3 f6 40. exf6 gxf6 41. Kb1
h5 42. Ka2 Nh6 43. h3 f5 44. Ka3 h4 45. gxh4 f4 46. Kxa4 Nf5 47. h5 Nd6 48. b4
Ne4 49. Be1 Nd6 50. b5 Kh7 51. Ka5 Nc4+ 52. Ka6 Kh6 53. b6 Nxb6 54. Kxb6 Kxh5
55. Kc6 Kh4 56. Kd6 Kxh3 57. Kxe6 Kg2 58. Ke5 f3 59. Kxd5 Kf1 60. Ke4 {Black
resigns} 1-0

[Event "Team 45 45 League T60"]
[Site "Internet Chess Club"]
[Date "2014.04.07"]
[Round "6"]
[White "Kingofknights"]
[Black "stevyk6"]
[Result "0-1"]
[WhiteElo "1701"]
[BlackElo "1606"]
[Opening "Grünfeld: 5.e3"]
[ECO "D94"]
[Time "21:00:20"]
[TimeControl "2700+45"]

1. d4 Nf6 2. c4 g6 3. Nc3 d5 4. e3 Bg7 5. Nf3 Nbd7 6. cxd5 Nb6 7. e4 O-O 8. Bf4
Nh5 9. Be5 f6 10. Bg3 Nxg3 11. hxg3 f5 12. Bd3 fxe4 13. Bxe4 Qd6 14. Qd3 Bg4 15.
O-O-O a5 16. Rh4 Bxf3 17. gxf3 Bf6 18. Rg4 Rf7 19. Rh1 c6 20. dxc6 bxc6 21. Nb5
cxb5 22. Bxa8 Nxa8 23. Qxb5 Nb6 24. Qb3 a4 25. Qd3 e5 26. Re4 exd4 27. Rhe1 Qb4
28. a3 Qc4+ 29. Qxc4 Nxc4 30. Re8+ Kg7 31. f4 d3 32. R1e4 Nd6 {White resigns}
0-1

[Event "Team 45 45 League T60"]
[Site "Internet Chess Club"]
[Date "2014.04.08"]
[Round "6"]
[White "allychess"]
[Black "BotanicalKnight"]
[Result "0-1"]
[WhiteElo "1391"]
[BlackElo "1522"]
[Opening "Caro-Kann: Steinitz variation"]
[ECO "B17"]
[Time "20:00:29"]
[TimeControl "2700+45"]

1. e4 c6 2. d4 d5 3. Nd2 dxe4 4. Nxe4 Nd7 5. Nf3 Ngf6 6. Nc3 g6 7. Bc4 Bg7 8.
Ng5 O-O 9. O-O Nb6 10. Bb3 h6 11. Nf3 Bg4 12. h3 Bxf3 13. gxf3 Qd7 14. Kg2 Rfd8
15. Be3 Nh5 16. Re1 e6 17. Qd2 Bxd4 18. Bxh6 Bg7 19. Qxd7 Rxd7 20. Bg5 Bf6 21.
Be3 Rad8 22. Ne4 Bxb2 23. Rab1 Bd4 24. Bh6 Nd5 25. c4 Ndf4+ 26. Bxf4 Nxf4+ 27.
Kg3 Nh5+ 28. Kg2 Nf4+ 29. Kh2 Kg7 30. Rf1 Rh8 31. Kg3 Be5 32. Kh2 Rxh3+ 33. Kg1
Ne2+ 34. Kg2 Rh2# {White checkmated} 0-1

[Event "Team 45 45 League T60"]
[Site "Internet Chess Club"]
[Date "2014.04.04"]
[Round "6"]
[White "pokerram"]
[Black "Portola"]
[Result "1/2-1/2"]
[WhiteElo "1653"]
[BlackElo "1744"]
[Opening "French: Tarrasch"]
[ECO "C03"]
[Time "16:30:36"]
[TimeControl "2700+45"]

1. e4 e6 2. d4 d5 3. Nd2 dxe4 4. Nxe4 Be7 5. Nf3 Nd7 6. Bd3 Ngf6 7. Qe2 Nxe4 8.
Bxe4 O-O 9. Bd2 Nf6 10. Bd3 b6 11. Bg5 Bb7 12. Bxf6 Bxf6 13. c3 Qe7 14. O-O-O c5
15. Kb1 cxd4 16. cxd4 Rfc8 17. h4 Rc7 18. Ng5 h6 19. Qh5 Rd8 20. Rhe1 Bxg5 21.
hxg5 Qxg5 22. Qxg5 hxg5 23. f3 g6 24. Be4 Bd5 25. Re3 Rdc8 26. Bxd5 exd5 27. Re5
Rd7 28. Rxg5 Kg7 29. Rc1 Rxc1+ 30. Kxc1 f6 31. Rg3 f5 32. Kd2 Re7 33. Rh3 g5 34.
g3 Kg6 35. Rh2 f4 36. g4 Re3 37. Rf2 b5 38. Rf1 a5 39. a3 Kf6 40. Rf2 Rb3 41.
Kc2 a4 42. Rf1 b4 43. axb4 Rxb4 44. Rd1 Rc4+ 45. Kd3 Rb4 46. Kc2 Rc4+ 47. Kd3
{Game drawn by mutual agreement} 1/2-1/2

[Event "Team 45 45 League T60"]
[Site "Internet Chess Club"]
[Date "2014.04.06"]
[Round "6"]
[White "rubo"]
[Black "DaveTheRook"]
[Result "1/2-1/2"]
[WhiteElo "1607"]
[BlackElo "1624"]
[Opening "Bird's opening"]
[ECO "A02"]
[Time "16:00:29"]
[TimeControl "2700+45"]

1. f4 Nf6 2. Nf3 c5 3. e3 Nc6 4. b3 d6 5. Bb5 Bd7 6. O-O a6 7. Bxc6 Bxc6 8. Bb2
e6 9. Nc3 Be7 10. Ne2 O-O 11. Ng3 b5 12. c4 bxc4 13. bxc4 Rb8 14. Qc2 h6 15. h3
Qd7 16. Rfb1 Rb7 17. Bc3 Rfb8 18. f5 e5 19. e4 Ba4 20. Qd3 Bc6 21. Nh2 Rxb1+ 22.
Rxb1 Rxb1+ 23. Qxb1 Qb7 24. Qxb7 Bxb7 25. d3 Bd8 26. Nhf1 Bc6 27. Ne3 Ba4 28.
Kf1 Nd7 29. Ke2 Nb8 30. Nd5 Nc6 31. Kd2 Bg5+ 32. Ke2 Nd4+ 33. Bxd4 cxd4 34. Nf1
Kf8 35. Nd2 Bd8 36. Nb3 Ke8 37. Kd2 Kd7 38. Kc1 h5 39. g4 hxg4 40. hxg4 Ke8 41.
Kb2 Kf8 42. Ka3 Bd7 43. Kb4 Kg8 44. a4 Kh7 45. Nd2 Kh6 46. Nf3 g6 47. a5 gxf5
48. gxf5 Kh5 49. Nb6 Be8 50. Nd2 Bg5 51. Nb3 Bh4 52. Nc8 Be1+ 53. Ka3 f6 54.
Nxd6 Bc6 55. c5 Kg4 56. Nc4 Kf3 57. Nc1 Bb5 58. Nd6 Bc6 59. Nc4 Bb5 60. Nxe5+
fxe5 61. f6 Bh4 62. f7 Be7 63. Kb4 Kg4 64. Nb3 Kg5 65. Nd2 Kg6 66. Nc4 Kf6 67.
Nd6 Bxd6 68. cxd6 Kxf7 69. Kc5 Ke8 70. Kd5 Kd7 71. Kxe5 Bxd3 72. Kxd4 Bf1 73.
Kc5 Bd3 74. e5 Ke6 75. Kd4 Bb5 76. Ke4 {Game drawn by mutual agreement} 1/2-1/2

[Event "Team 45 45 League T60"]
[Site "Internet Chess Club"]
[Date "2014.04.08"]
[Round "6"]
[White "nanning"]
[Black "evan7284"]
[Result "1-0"]
[WhiteElo "1594"]
[BlackElo "1571"]
[Opening "Queen's gambit declined"]
[ECO "D30"]
[Time "15:00:35"]
[TimeControl "2700+45"]

1. d4 d5 2. c4 e6 3. Nf3 f5 4. Nc3 c6 5. Bg5 Nf6 6. cxd5 exd5 7. e3 Bd6 8. Bd3
h6 9. Bh4 g5 10. Bg3 Be6 11. Ne5 h5 12. h3 Qc7 13. f4 gxf4 14. exf4 Nbd7 15. Bh4
Be7 16. O-O O-O-O 17. Qa4 Kb8 18. Rac1 Qb6 19. Rfe1 Rh7 20. Nxd7+ Bxd7 21. Rxe7
Rxe7 22. Bxf6 Re3 23. Bxd8 Qxd8 24. Qc2 Qf6 25. Nxd5 Qxd4 26. Nxe3 Qxe3+ 27. Kh1
Qxf4 28. Rf1 Qd6 {Black resigns} 1-0

[Event "Team 45 45 League T60"]
[Site "Internet Chess Club"]
[Date "2014.04.08"]
[Round "6"]
[White "g8wrb"]
[Black "Megasus"]
[Result "0-1"]
[WhiteElo "1310"]
[BlackElo "1481"]
[Opening "Sicilian: Alapin's variation (2.c3)"]
[ECO "B22"]
[Time "06:04:14"]
[TimeControl "2700+45"]

1. e4 c5 2. c3 Nc6 3. d4 cxd4 4. cxd4 e6 5. Nf3 Nf6 6. Nc3 Bb4 7. Bd3 a6 8. O-O
h6 9. Bf4 d6 10. a3 Ba5 11. Be3 Ng4 12. Bf4 Bb6 13. Bc4 O-O 14. h3 e5 15. dxe5
Ngxe5 16. Ba2 Be6 17. Nd5 Ba7 18. Rc1 Rc8 19. Qb3 b5 20. Nxe5 dxe5 21. Bxe5 Nxe5
22. Rxc8 Qxc8 23. Ne7+ Kh7 24. Nxc8 Bxb3 25. Bxb3 Rxc8 26. Rd1 Kg6 27. Kf1 Rc6
28. f4 Nc4 29. Bxc4 bxc4 30. Ke2 a5 31. Rc1 Bd4 32. Rc2 h5 33. g4 f6 34. Kf3 c3
35. bxc3 Rxc3+ 36. Rxc3 Bxc3 37. a4 hxg4+ 38. hxg4 Kh6 39. Kg3 g6 40. Kf3 Bd2
41. Kg3 g5 42. f5 Bf4+ 43. Kf3 Kg7 44. Ke2 Kf7 45. Kd3 Ke7 46. Kd4 Kd6 47. Kc4
Ke5 48. Kb5 Bd2 {White resigns} 0-1

[Event "Team 45 45 League T60"]
[Site "Internet Chess Club"]
[Date "2014.04.03"]
[Round "6"]
[White "Packerfan"]
[Black "ILRE"]
[Result "0-1"]
[WhiteElo "1727"]
[BlackElo "1631"]
[Opening "French: Albin-Alekhine-Châtard attack"]
[ECO "C13"]
[Time "09:15:26"]
[TimeControl "2700+45"]

1. e4 e6 2. d4 d5 3. Nc3 Nf6 4. Bg5 Be7 5. e5 Nfd7 6. h4 Bxg5 7. hxg5 Qxg5 8.
Nh3 Qe7 9. Qg4 g6 10. Nf4 Nc6 11. O-O-O h5 12. Qg3 Nb6 13. Kb1 Bd7 14. Nb5 O-O-O
15. Qe3 Kb8 16. Na3 a6 17. Nd3 Na4 18. f4 Rdg8 19. c4 dxc4 20. Nxc4 b5 21. Nd2
Nb4 22. Nb3 Nd5 23. Qd2 Ka7 24. Ndc5 Nxc5 25. Nxc5 Bc8 26. Qa5 c6 27. Rc1 Bb7
28. Nxa6 Bxa6 29. Rxc6 Qb7 30. Rd6 Rc8 31. Rh3 Rc6 32. Rb3 Rhc8 33. a4 b4 34.
Rxd5 exd5 35. Rxb4 Qc7 36. Qxc7+ R8xc7 37. Bxa6 Kxa6 38. Rb5 Rd7 39. b3 Rc3 40.
Kb2 Rg3 41. Rc5 Rxg2+ 42. Kc3 h4 43. Rc8 Kb7 44. Rh8 Rg3+ 45. Kb4 h3 46. Rh7 Kc6
47. a5 Rb7+ 48. Ka4 Rbxb3 49. Rxf7 Ra3+ 50. Kb4 Rgb3# {White checkmated} 0-1

[Event "Team 45 45 League T60"]
[Site "Internet Chess Club"]
[Date "2014.04.05"]
[Round "6"]
[White "houseofcook"]
[Black "tryanything"]
[Result "0-1"]
[WhiteElo "1483"]
[BlackElo "1621"]
[Opening "Queen's pawn: London system"]
[ECO "A45"]
[Time "05:00:34"]
[TimeControl "2700+45"]

1. d4 Nf6 2. Bf4 d5 3. e3 e6 4. Bd3 c5 5. c3 Nc6 6. Nd2 Bd6 7. Bg3 cxd4 8. exd4
Bxg3 9. hxg3 e5 10. dxe5 Nxe5 11. Qe2 Qe7 12. Bb5+ Nc6 13. Qxe7+ Kxe7 14. O-O-O
a6 15. Bd3 Be6 16. Re1 Kd6 17. Ngf3 g6 18. Rh4 b5 19. Ng5 Ne5 20. Bc2 Raf8 21.
f3 Nh5 22. f4 Nc6 23. g4 Nxf4 24. g3 Ng2 25. Nxe6 fxe6 26. Rhh1 Nxe1 27. Rxe1
Ne5 28. g5 Nf3 29. Nxf3 Rxf3 30. Rd1 Rxg3 {White resigns} 0-1

[Event "Team 45 45 League T60"]
[Site "Internet Chess Club"]
[Date "2014.04.06"]
[Round "6"]
[White "clarinetref"]
[Black "seattleblues"]
[Result "1/2-1/2"]
[WhiteElo "1606"]
[BlackElo "1478"]
[Opening "Caro-Kann: classical, 6.h4"]
[ECO "B18"]
[Time "21:15:36"]
[TimeControl "2700+45"]

1. e4 c6 2. d4 d5 3. Nc3 dxe4 4. Nxe4 Bf5 5. Ng3 Bg6 6. h4 h6 7. h5 Bh7 8. Nf3
Nd7 9. Bd3 Bxd3 10. Qxd3 Ngf6 11. Bf4 e6 12. O-O-O Be7 13. Kb1 O-O 14. Qd2 Ng4
15. Qe2 Ngf6 16. Ne5 Nxe5 17. dxe5 Nd5 18. Qf3 Qb6 19. Bc1 a5 20. Ne4 Rad8 21.
Qg3 Kh8 22. Rd3 a4 23. Nd6 Qc7 24. Nc4 b5 25. Ne3 {Game drawn by mutual
agreement} 1/2-1/2

[Event "Team 45 45 League T60"]
[Site "Internet Chess Club"]
[Date "2014.04.05"]
[Round "6"]
[White "Paul-Romero"]
[Black "NFork"]
[Result "0-1"]
[WhiteElo "1878"]
[BlackElo "2161"]
[Opening "Queen's gambit accepted"]
[ECO "D20"]
[Time "02:19:08"]
[TimeControl "2700+45"]

1. d4 d5 2. c4 dxc4 3. e3 Nf6 4. Bxc4 a6 5. Nf3 b5 6. Bd3 Bb7 7. O-O e6 8. a4 b4
9. Nbd2 c5 10. e4 cxd4 11. e5 Nd5 12. Nc4 h6 13. Nfd2 Nb6 14. Re1 N8d7 15. f4
Nc5 16. Qe2 Nxd3 17. Qxd3 Qd5 18. Re2 Bc5 19. b3 a5 20. Nxb6 Bxb6 21. Nc4 Bc5
22. f5 exf5 23. Bf4 O-O 24. h4 Qe6 25. Rc2 {White resigns} 0-1

[Event "Team 45 45 League T60"]
[Site "Internet Chess Club"]
[Date "2014.04.05"]
[Round "6"]
[White "SlimeDog2"]
[Black "jjimalo"]
[Result "1-0"]
[WhiteElo "2039"]
[BlackElo "1881"]
[Opening "QGD Slav"]
[ECO "D11"]
[Time "13:38:24"]
[TimeControl "2700+45"]

1. Nf3 d5 2. d4 Nf6 3. c4 c6 4. e3 e6 5. Nbd2 Nbd7 6. Bd3 Bd6 7. O-O O-O 8. e4
e5 9. cxd5 cxd5 10. exd5 exd4 11. Nxd4 Nxd5 12. Nf5 N7f6 13. Nxd6 Qxd6 14. Ne4
Nxe4 15. Bxe4 Be6 16. Qd3 h6 17. Rd1 Rfd8 18. Be3 Qe5 19. Qd4 Qh5 20. Rac1 Rd7
21. Qxa7 Rad8 22. Qa5 f5 23. Bf3 Qg6 24. Bb6 Nxb6 25. Qxb6 Rxd1+ 26. Bxd1 Rd2
27. Bb3 Re2 28. Bc4 Re5 29. Qd6 Qf6 30. Bxe6+ Rxe6 31. Qb8+ Kh7 32. Qxb7 Rb6 33.
Qd5 Rxb2 34. g3 h5 35. h4 Rb8 36. Rc6 Qa1+ 37. Kg2 Qb1 38. Qe6 f4 39. Rc5 f3+
40. Kh2 g6 41. Rc7+ Kh6 42. Qe3+ {Black resigns} 1-0

[Event "Team 45 45 League T60"]
[Site "Internet Chess Club"]
[Date "2014.04.02"]
[Round "6"]
[White "santiagoelawad"]
[Black "cysk"]
[Result "1-0"]
[WhiteElo "1945"]
[BlackElo "1763"]
[Opening "English: symmetrical, main line with d4"]
[ECO "A39"]
[Time "20:26:06"]
[TimeControl "2700+45"]

1. g3 g6 2. Bg2 Bg7 3. Nf3 Nf6 4. O-O O-O 5. c4 c5 6. Nc3 Nc6 7. d4 cxd4 8. Nxd4
Nxd4 9. Qxd4 d6 10. Qd3 Bf5 11. e4 Be6 12. Be3 Ng4 13. Bd4 Ne5 14. Bxe5 Bxe5 15.
Rac1 Rc8 16. b3 Bg7 17. f4 Qb6+ 18. Kh1 Qd4 19. Qxd4 Bxd4 20. f5 Bd7 21. Nd5
Rce8 22. f6 e6 23. Ne7+ Kh8 24. Rcd1 Be5 25. c5 Bb5 26. Rfe1 dxc5 27. a4 Ba6 28.
Bf1 Bxf6 29. Bxa6 Rxe7 30. Bc4 Bd4 31. Kg2 Kg7 32. Rd3 Rd8 33. Kf3 Red7 34. Red1
f5 35. exf5 exf5 36. Re1 Kf6 37. Re6+ Kg5 38. Bb5 Rd6 39. h4+ Kh5 40. Re7 Bf6
41. Rxh7# {Black checkmated} 1-0

[Event "Team 45 45 League T60"]
[Site "Internet Chess Club"]
[Date "2014.04.02"]
[Round "6"]
[White "JustinL"]
[Black "justice02"]
[Result "1-0"]
[WhiteElo "2035"]
[BlackElo "1795"]
[Opening "Caro-Kann: classical, Spassky variation"]
[ECO "B19"]
[Time "18:15:33"]
[TimeControl "2700+45"]

1. e4 c6 2. d4 d5 3. Nc3 dxe4 4. Nxe4 Bf5 5. Ng3 Bg6 6. h4 h6 7. Nf3 Nd7 8. h5
Bh7 9. Bd3 Bxd3 10. Qxd3 Qc7 11. Bd2 Ngf6 12. O-O-O O-O-O 13. c4 e6 14. b4 Bd6
15. Ne2 Ng4 16. Rhf1 b6 17. c5 Be7 18. Qb3 Rhf8 19. Bf4 Qb7 20. cxb6 Nxb6 21. b5
Nd5 22. bxc6 Qxb3 23. axb3 Nxf4 24. Nxf4 Bg5 25. Nxg5 hxg5 26. Nh3 Nf6 27. Nxg5
Rd5 28. Nf3 Nxh5 29. Kb2 Kc7 30. Ra1 a5 31. Ra4 Nf4 32. Kc3 Rb8 33. g3 Ng6 34.
Rfa1 Rbb5 35. Nd2 Ne7 36. Rh1 Nxc6 37. Rh7 Rg5 38. Ne4 Rg6 39. Rc4 Rg4 40. f3
Rg6 41. f4 f6 42. Rh8 Rd5 43. Ra8 Kb7 44. Re8 e5 45. dxe5 fxe5 46. f5 Rh6 47.
Rg8 Nb4 48. Rxg7+ Kb6 49. Rg6+ Rxg6 50. fxg6 Rd7 51. Rc5 Nd5+ 52. Rxd5 Rxd5 53.
g7 Rd8 54. Nf6 Rc8+ 55. Kd3 Kb5 56. g8=Q Rxg8 57. Nxg8 Kb4 58. Ne7 Kxb3 59. g4
a4 60. g5 a3 61. g6 a2 62. g7 a1=Q 63. g8=Q+ Kb2 64. Qg2+ Kb3 65. Qb7+ {Black
resigns} 1-0

[Event "Team 45 45 League T60"]
[Site "Internet Chess Club"]
[Date "2014.04.06"]
[Round "6"]
[White "Jack-ONeill"]
[Black "imgr8"]
[Result "0-1"]
[WhiteElo "2064"]
[BlackElo "2196"]
[Opening "Sicilian: Boleslavsky variation"]
[ECO "B58"]
[Time "13:18:52"]
[TimeControl "2700+45"]

1. e4 c5 2. Nf3 Nc6 3. d4 cxd4 4. Nxd4 Nf6 5. Nc3 d6 6. Be2 e5 7. Nf3 h6 8. O-O
Be7 9. Re1 O-O 10. h3 Be6 11. Bf1 Nb8 12. b3 a6 13. a4 Nbd7 14. Bb2 Qc7 15. Nd2
Rad8 16. Nc4 Nc5 17. Qf3 Bd7 18. Ne3 Bc6 19. Nf5 g6 20. Nxh6+ Kg7 21. Ng4 Nfxe4
22. Nxe4 Nxe4 23. Rxe4 Bxe4 24. Qxe4 f5 25. Bxe5+ dxe5 26. Qxe5+ Qxe5 27. Nxe5
Bf6 28. Re1 Rfe8 29. Nf3 Rxe1 30. Nxe1 Rd2 31. Nf3 Rxc2 32. Bc4 Bd8 33. Bd5 b5
34. Bb7 bxa4 35. bxa4 a5 36. Nd4 Rc1+ 37. Kh2 Bb6 38. Nb3 Rc4 {White resigns}
0-1

[Event "Team 45 45 League T60"]
[Site "Internet Chess Club"]
[Date "2014.04.05"]
[Round "6"]
[White "RobertStephen"]
[Black "Ptzz"]
[Result "0-1"]
[WhiteElo "1948"]
[BlackElo "2051"]
[Opening "Nimzo-Indian: Leningrad variation"]
[ECO "E30"]
[Time "14:05:05"]
[TimeControl "2700+45"]

1. d4 Nf6 2. c4 e6 3. Nc3 Bb4 4. Bg5 h6 5. Bh4 c5 6. d5 Qa5 7. Bxf6 gxf6 8. Qc2
d6 9. O-O-O Bxc3 10. bxc3 e5 11. Nf3 a6 12. Nd2 Bd7 13. Ne4 Ke7 14. Qb3 b5 15.
e3 Rg8 16. Ng3 Ra7 17. Bd3 Rb7 18. Rdg1 Rb6 19. cxb5 Bxb5 20. Nf5+ Kd7 21. Bc2
c4 22. Qb2 Kc7 23. Nxh6 Rf8 24. Qa1 Nd7 25. f3 Nc5 26. Kd2 Ba4 27. Rb1 Rfb8 28.
Rxb6 Rxb6 29. Rb1 Bxc2 30. Kxc2 Nd3 31. Rxb6 Qxb6 32. Kd2 Qb7 33. e4 Qb6 34. Ng4
f5 35. exf5 Nf4 36. g3 Nxd5 37. h4 Ne7 38. Ne3 Qc5 39. f6 Nd5 40. Ng4 Nxf6 41.
Qf1 Nxg4 42. fxg4 Qd5+ 43. Ke3 Qc5+ 44. Ke2 Qd5 45. Qf3 e4 46. Qe3 Qd3+ 47. Qxd3
cxd3+ 48. Ke3 Kd7 49. h5 Ke7 50. h6 Kf6 {White resigns} 0-1

[Event "Team 45 45 League T60"]
[Site "Internet Chess Club"]
[Date "2014.04.06"]
[Round "6"]
[White "Holzschlange"]
[Black "Atwode"]
[Result "1/2-1/2"]
[WhiteElo "1771"]
[BlackElo "1874"]
[Opening "Réti opening"]
[ECO "A04"]
[Time "18:32:10"]
[TimeControl "2700+45"]

1. Nf3 d6 2. g3 e5 3. d3 f5 4. c4 Nf6 5. Nc3 Be7 6. Bg2 O-O 7. Rb1 c6 8. b4 Kh8
9. Qc2 Nbd7 10. b5 Nc5 11. Nd2 Bd7 12. Nb3 Ne6 13. Nd2 Qc7 14. e3 {Game drawn by
mutual agreement} 1/2-1/2

[Event "Team 45 45 League T60"]
[Site "Internet Chess Club"]
[Date "2014.04.03"]
[Round "6"]
[White "willhelm"]
[Black "Tobiasdelmonte"]
[Result "0-1"]
[WhiteElo "1929"]
[BlackElo "1878"]
[Opening "Queen's Indian: Petrosian system"]
[ECO "E12"]
[Time "23:00:49"]
[TimeControl "2700+45"]

1. d4 Nf6 2. Nf3 e6 3. c4 b6 4. a3 Ba6 5. Nbd2 Be7 6. g3 O-O 7. Bg2 d5 8. O-O
Nbd7 9. Qa4 Bb7 10. b4 c5 11. bxc5 bxc5 12. Rb1 Nb6 13. Qc2 dxc4 14. dxc5 Bxc5
15. Nxc4 Be4 16. Qb3 Bxb1 17. Qxb1 Nxc4 18. Qb5 Rc8 {White resigns} 0-1

[Event "Team 45 45 League T60"]
[Site "Internet Chess Club"]
[Date "2014.04.07"]
[Round "6"]
[White "chess09"]
[Black "BigH"]
[Result "1-0"]
[WhiteElo "1969"]
[BlackElo "2093"]
[Opening "Dutch defense"]
[ECO "A90"]
[Time "14:21:11"]
[TimeControl "2700+45"]

1. d4 e6 2. c4 f5 3. g3 Nf6 4. Bg2 c6 5. Nc3 d5 6. Nf3 Bd6 7. c5 Bc7 8. Bg5 Nbd7
9. O-O O-O 10. Qd2 Qe8 11. Bf4 e5 12. dxe5 Nxe5 13. Qd4 Nxf3+ 14. exf3 Bxf4 15.
Qxf4 Bd7 16. Rfe1 Qf7 17. Re3 Rae8 18. Rae1 Rxe3 19. Rxe3 Re8 20. b4 Nh5 21. Qd6
f4 22. Rxe8+ Qxe8 23. g4 Qe1+ 24. Bf1 Qxc3 25. Qxd7 Nf6 26. Qc8+ Kf7 27. Qxb7+
Kg6 28. Kg2 d4 29. g5 Kxg5 30. Qxg7+ Kf5 31. Ba6 d3 32. Bc8+ Ke5 33. Qe7+ Kd5
34. Be6+ Ke5 35. Qd6# {Black checkmated} 1-0

[Event "Team 45 45 League T60"]
[Site "Internet Chess Club"]
[Date "2014.04.06"]
[Round "6"]
[White "bondguy01"]
[Black "Nathan-L"]
[Result "1/2-1/2"]
[WhiteElo "1751"]
[BlackElo "1899"]
[Opening "QGD: exchange, positional line"]
[ECO "D35"]
[Time "19:00:32"]
[TimeControl "2700+45"]

1. d4 Nf6 2. c4 e6 3. Nc3 d5 4. cxd5 exd5 5. Bg5 Be7 6. e3 O-O 7. Bd3 h6 8. Bh4
c6 9. Qc2 Ne8 10. Bg3 f5 11. Be5 Be6 12. f4 Nd6 13. b3 Nd7 14. Nf3 Ne4 15. O-O
Bb4 16. Ne2 Qe7 17. Bxe4 fxe4 18. Nd2 Nxe5 19. fxe5 g5 20. Ng3 Qe8 21. a3 Be7
22. b4 a6 23. Nb3 Qg6 24. Nc5 Bxc5 25. bxc5 Rae8 26. Qe2 g4 27. Rab1 Re7 28.
Rxf8+ Kxf8 29. Qd2 Kg7 30. Ne2 h5 31. Nf4 Qf7 32. Rf1 Qe8 33. Rb1 {Game drawn by
mutual agreement} 1/2-1/2

[Event "Team 45 45 League T60"]
[Site "Internet Chess Club"]
[Date "2014.04.07"]
[Round "6"]
[White "Zugzwanged"]
[Black "zugknightly"]
[Result "1-0"]
[WhiteElo "1761"]
[BlackElo "1832"]
[Opening "Sicilian: Grand Prix attack"]
[ECO "B23"]
[Time "20:05:45"]
[TimeControl "2700+45"]

1. e4 c5 2. Nc3 Nc6 3. f4 g6 4. Nf3 Bg7 5. Bb5 Nd4 6. O-O Nxb5 7. Nxb5 a6 8. Nc3
d6 9. d3 e6 10. Qe1 Ne7 11. Qh4 Nc6 12. Qg3 O-O 13. a3 b5 14. h4 h5 15. f5 exf5
16. exf5 Bxf5 17. Bf4 d5 18. Bd6 Re8 19. Rae1 d4 20. Nd5 Rxe1 21. Rxe1 Bf8 22.
Bxf8 Qxd5 23. Bh6 Kh7 24. Bf4 f6 25. Nd2 Bd7 26. Ne4 Kg7 27. Nd6 Bg4 28. Ne8+
Rxe8 29. Rxe8 Qd7 30. Re1 b4 31. Bd6 bxa3 32. bxa3 {Black resigns} 1-0

[Event "Team 45 45 League T60"]
[Site "Internet Chess Club"]
[Date "2014.04.05"]
[Round "6"]
[White "primerpaso"]
[Black "kidcobra"]
[Result "1-0"]
[WhiteElo "1922"]
[BlackElo "1857"]
[Opening "English: Anglo-Dutch defense"]
[ECO "A10"]
[Time "19:03:35"]
[TimeControl "2700+45"]

1. c4 f5 2. Nc3 Nf6 3. g3 g6 4. Bg2 Bg7 5. e4 fxe4 6. Nxe4 Nxe4 7. Bxe4 O-O 8.
Ne2 c6 9. O-O d6 10. d4 Bg4 11. Be3 Qb6 12. Re1 Nd7 13. Qd2 Nf6 14. Bg2 Bxe2 15.
Qxe2 Rae8 16. Rad1 d5 17. b3 Qc7 18. Bf4 Qd7 19. Be5 Qf5 20. f4 Qd7 21. h3 Ne4
22. Bxe4 dxe4 23. Kg2 Bxe5 24. dxe5 Qe6 25. Qxe4 Rd8 26. Rd3 Rd7 27. Red1 Rfd8
28. g4 Rxd3 29. Rxd3 Rxd3 30. Qxd3 Kg7 31. Kg3 h5 32. Kh4 g5+ 33. Kxg5 hxg4 34.
f5 Qxe5 35. hxg4 Qh2 36. Qd4+ Kh7 37. f6 Qh6+ 38. Kf5 Qg6+ 39. Ke6 c5 40. Qf4
exf6 41. Qxf6 Qe4+ 42. Qe5 Qg6+ 43. Ke7 Qxg4 44. Qxc5 Qe2+ 45. Kd8 Qxa2 46. Qc7+
Kh6 47. Qxb7 Qa5+ 48. Kc8 Qc5+ 49. Kb8 a5 50. Qb5 Qd6+ 51. Kb7 Qe7+ 52. Ka6 Qf8
53. Kxa5 Qa3+ 54. Kb6 Kg6 55. c5 Kf6 56. c6 Qc1 57. c7 Kg7 58. Qd7+ Kf6 59. Qc6+
Ke7 60. Qxc1 Kd7 61. c8=Q+ Kd6 62. Qd1+ Ke7 63. Qh3 Kf6 64. Qe3 Kf5 65. Qf1+ Kg4
66. Qef3+ Kh4 67. Q1h1+ Kg5 68. Qhg2+ Kh4 69. Qfh3# {Black checkmated} 1-0